 Dungeon Crawl Stone Soup version 0.30-a0-737-gf23d94013f (webtiles) character file.

Game seed: 8584276086575773891

9 sanka the Shield-Bearer (level 2, 0/19 HPs)
             Began as a Gargoyle Fighter on Feb 1, 2023.
             Slain by a gnoll
             ... wielding a +0 spear
              (3 damage)
             ... on level 1 of the Dungeon.
             The game lasted 00:00:31 (319 turns).

sanka the Shield-Bearer (Gargoyle Fighter)           Turns: 319, Time: 00:00:32

Health: 0/19       AC:  9    Str: 19    XL:     2   Next: 12%
Magic:  2/2        EV:  9    Int:  8    God:
Gold:   22         SH:  4    Dex:  9    Spells: 1/1 levels left

rFire   . . .      SeeInvis .    a - +0 flail
rCold   . . .      Faith    .    c - +0 buckler
rNeg    + . .      Spirit   .    b - +0 scale mail
rPois   ∞          Reflect  .    (no helmet)
rElec   +          Harm     .    (no cloak)
rCorr   .          Rampage  .    (no gloves)
Will    .....                    (no boots) Stlth
                                 (no amulet)
HPRegen 0.23/turn                (no ring)
MPRegen 0.08/turn                (no ring)

@: no status effects
A: sickness immunity, AC +2, negative energy resistance 1, electricity
resistance, torment resistance 1, petrification resistance
a: no special abilities


You were on level 1 of the Dungeon.
You visited 1 branch of the dungeon, and saw 1 of its levels.

You collected 22 gold pieces.


Innate Abilities, Weirdness & Mutations

You are immune to sickness and miasma.
Your stone body is resilient. (AC +2)
You are immune to poison.
You resist negative energy. (rN+)
You are resistant to electric shocks. (rElec)
You are resistant to unholy torment.
You are immune to petrification.


   Skills:
 - Level 3.2 Fighting
 + Level 2.8 Maces & Flails
 - Level 3.2 Armour
 - Level 3.2 Shields


You had one spell level left.
You didn't know any spells.
Your spell library contained the following spells:

 Spells                   Type           Power      Damage    Failure   Level
 Kindle Blastsparks       Fire/Tloc/Air  0%         2d10      99%         3
 Fulminant Prism          Conj/Hex       0%         3d5       100%        4
 Iskenderun's Mystic Bla  Conj/Tloc      0%         2d3       100%        4
 Lee's Rapid Deconstruct  Erth           0%         3d4*      100%        5

Inventory:

Hand Weapons
 a - a +0 flail (weapon)
Armour
 b - a +0 scale mail (worn)
 c - a +0 buckler (worn)
Magical Staves
 g - a staff of fire
Scrolls
 f - a scroll of fog {unknown}
 h - a scroll of enchant armour {unknown}
 i - a scroll of noise {unknown}
Potions
 d - a potion of might
 e - a potion of haste {unknown}

Dungeon Overview and Level Annotations

Branches:
Dungeon (1/15)

Altars:

▒.▒▒▒.....▒▒▒.▒.....
▒.....▒▒▒▒▒▒▒.▒.....
▒▒▒▒▒.........+.....
▒...▒▒▒.▒.▒.▒..... ▒.▒▒▒
▒........... ▒.▒
▒.▒.▒....▒▒▒ ▒.▒
▒.▒.▒..▒.▒ ▒.▒
▒.▒......▒▒▒ ▒8▒
▒.▒▒▒...[..▒
▒g▒▒▒▒▒..........▒
▒▒▒▒▒.....▒▒▒.▒▒▒..▒▒▒
▒.........+ ▒......▒.▒
....▒▒▒.....▒+▒▒▒▒.▒▒▒..
.. ▒....▒....†.......
▒...!+......[.....
▒....▒...........▒
...)[....▒...........▒


You could see a gnoll.


Message History

* * * LOW HITPOINT WARNING * * *
The ball python constricts you.
The gnoll hits you from afar with a +0 spear.
* * * LOW HITPOINT WARNING * * *
The ball python bites you but does no damage.
The ball python constricts you.
* * * LOW HITPOINT WARNING * * *
You barely miss the ball python.
The ball python is severely wounded.
The gnoll hits you but does no damage.
The ball python bites you but does no damage.
The ball python constricts you.
The gnoll hits you from afar with a +0 spear.
* * * LOW HITPOINT WARNING * * *
You barely miss the ball python.
The ball python is severely wounded.
The ball python barely misses you. The ball python constricts you.
The gnoll barely misses you. The ball python bites you.
* * * LOW HITPOINT WARNING * * *
The ball python constricts you.
You thump the ball python!
You kill the ball python!
The gnoll hits you but does no damage. The gnoll barely misses you.
You hit the gnoll.
The gnoll is lightly wounded.
The gnoll hits you with a +0 spear.
You die...

Action                     || total
---------------------------++-------
  Melee: Flail             ||    22
 Armour: Scale mail        ||    14
  Dodge: Dodged            ||    10
  Block: Buckler           ||     6

Levels and vault maps discovered:
D:1:      dpeg_arrival_rooms_b, layout_basic, serial_shops, nicolae_square_shop

Notes
Turn   | Place    | Note
-------+----------+-------------------------------------------
     0 | D:1      | sanka the Gargoyle Fighter began the quest for the Orb.
     0 | D:1      | Reached XP level 1. HP: 14/14 MP: 1/1
   255 | D:1      | Reached XP level 2. HP: 19/19 MP: 2/2
   319 | D:1      | Slain by a gnoll

Vanquished Creatures
  2 ball pythons (D:1)
  A goblin (D:1)
  A quokka (D:1)
  A frilled lizard (D:1)
  2 kobolds (D:1)
  2 rats (D:1)
9 creatures vanquished.
